 Dungeon Crawl Stone Soup version 0.24-a0-487-g57318f2 (webtiles) character file.

Game seed: 16975138573273367170

144 silenth the Cudgeler (level 5, 0/55 HPs)
             Began as an Ogre Gladiator on July 10, 2019.
             Slain by a scorpion (3 damage)
             ... on level 3 of the Dungeon.
             The game lasted 00:03:47 (4422 turns).

silenth the Cudgeler (Ogre Gladiator)               Turns: 4422, Time: 00:03:48

Health: 0/55       AC:  3    Str: 18    XL:     5   Next: 27%
Magic:  5/5        EV: 10    Int: 14    God:
Gold:   152        SH:  0    Dex: 11    Spells: 4/4 levels left

rFire    + . .     SeeInvis +   a - +0 flail
rCold    + . .     Gourm    .   (no shield)
rNeg     + . .     Faith    .   b - +0 robe
rPois    +         Spirit   .   c - +0 hat
rElec    +         Reflect  .   (no cloak)
rCorr    +         Harm     .   (gloves unavailable)
MR       .....                  (boots unavailable)
Stlth    +.........             (no amulet)
HPRegen  0.18/turn              i - ring of see invisible
MPRegen  0.09/turn              p - ring of positive energy

@: brilliant, lethally poisoned (0 -> -5), resistant
A: large, unfitting armour, tough skin 1
a: no special abilities


You were on level 3 of the Dungeon.
You were not hungry.

You visited 1 branch of the dungeon, and saw 4 of its levels.

You collected 152 gold pieces.

Inventory:

Hand Weapons
 a - a +0 flail (weapon)
Armour
 b - a +0 robe (worn)
 c - a +0 hat (worn)
Jewellery
 i - a ring of see invisible (left hand)
 p - a ring of positive energy (right hand)
Scrolls
 f - a scroll of fear {unknown}
 h - a scroll of amnesia {unknown}
 n - 3 scrolls of identify {unknown}
 q - 3 scrolls of teleportation {unknown}
Potions
 l - a potion of flight {unknown}
 m - a potion of haste
 o - a potion of degeneration {unknown}
Comestibles
 e - 6 rations


   Skills:
 + Level 4.5 Fighting
 * Level 4.6 Maces & Flails
 - Level 2.0 Throwing
 - Level 2.6 Dodging


You had 4 spell levels left.
You didn't know any spells.
Your spell library was empty.

Dungeon Overview and Level Annotations

Branches:
Dungeon (4/15)
 Temple: D:4-7

Altars:
Cheibriados
Elyvilon


Innate Abilities, Weirdness & Mutations

You are too large for most types of armour.
You have tough skin. (AC +1)


Message History

You closely miss the scorpion.
The scorpion is severely wounded.
* * * LOW HITPOINT WARNING * * *
You feel sick. The scorpion closely misses you. x2
It was a potion of haste.
You feel yourself speed up.
* * * LOW HITPOINT WARNING * * *
You feel sick. The scorpion closely misses you.
It was a potion of cancellation.
Your magical effects are unravelling.
You feel magically purged.
You feel yourself slow down.
It was a potion of resistance.
You feel protected.
* * * LOW HITPOINT WARNING * * *
You feel sick. The scorpion closely misses you.
It was a potion of brilliance.
You feel clever all of a sudden.
* * * LOW HITPOINT WARNING * * *
You feel sick. The scorpion stings you.
You die...

#.....# #.###.# #.# #.########
########## #.###.##.....#
#......... #.#...##.###.#
#.######## #.#.##.#.#.#.# #.#
#... #.#.#..#.#.#.#
####.#####.## #.#.#......#.#
#..........# #.#.#....###@#
#..........#
#.#........#s####..........#
#.#..#..##.#o#.............#
#.#........#w#.##..........#
###....#...#...............##
######....#........[......######
#.........#.#.####........# #..
#.####.####.#+####..(.....# #..
#.####....................# #..


You could see a worm, a scorpion and an orc.

Vanquished Creatures
  An orc wizard (D:3)
  An adder (D:2)
  2 oozes
  An adder skeleton (D:4)
  2 worms
  3 leopard geckos
  8 orcs
  4 giant cockroaches
  7 goblins
  3 hobgoblins
  8 jackals
  8 kobolds
  2 ball pythons
  5 bats
  5 frilled lizards
  16 rats
76 creatures vanquished.

Vanquished Creatures (others)
  A quokka (D:3)
1 creature vanquished.

Grand Total: 77 creatures vanquished

Notes
Turn   | Place    | Note
-------+----------+-------------------------------------------
     0 | D:1      | silenth the Ogre Gladiator began the quest for the Orb.
     0 | D:1      | Reached XP level 1. HP: 22/22 MP: 1/1
   186 | D:1      | Reached skill level 3 in Fighting
   186 | D:1      | Reached skill level 3 in Maces & Flails
   205 | D:1      | Reached XP level 2. HP: 21/31 MP: 2/2
   972 | D:1      | Reached XP level 3. HP: 36/37 MP: 3/3
  1968 | D:2      | Reached XP level 4. HP: 48/48 MP: 4/4
  2254 | D:2      | Reached skill level 4 in Maces & Flails
  2456 | D:2      | Reached skill level 4 in Fighting
  3223 | D:3      | Found a snail-covered altar of Cheibriados.
  3425 | D:3      | Found a white marble altar of Elyvilon.
  3868 | D:3      | Reached XP level 5. HP: 20/55 MP: 5/5
  4418 | D:3      | HP: 5/55 [poisoned by a scorpion]
  4422 | D:3      | Slain by a scorpion

Levels and vault maps discovered:
D:1:      dpeg_arrival_ratfight, layout_basic
D:2:      layout_loops_corners
D:3:      layout_basic, elyvilon_altar_4, cheibriados_altar_1
D:4:      layout_loops_ring, kennysheep_little_box,
          chequers_temple_overflow_statue_of_worship, grunt_ministairs_13,
          minmay_misc_feat_enclosed, uniq_natasha

Skill      XL: |  1  2  3  4 |
---------------+-------------+-----
Fighting       | 3 4 |  4.5
Maces & Flails | 3 4 |  4.6
Throwing       | |  2.0
Dodging        | |  2.6

Action                   |  1- 3 |  4- 6 || total
-------------------------+-------+-------++-------
Melee: Flail             |   146 |   129 ||   275
Throw: Throwing net      |       |     3 ||     3
  Use: Potion            |       |     6 ||     6
 Stab: Sleeping          |     1 |     1 ||     2
  Eat: Chunk             |     4 |     7 ||    11
Armor: Robe              |    42 |    48 ||    90
Dodge: Dodged            |    98 |    86 ||   184

Table legend:
 A = Non-vault XP
 B = Vault XP
 C = Vault XP percentage of total XP
 D = Non-vault monster count
 E = Vault monster count
 F = Vault count percentage of total count
                 A         B        C        D         E       F
            +---------+---------+-------+---------+---------+-------
      Total |     202 |       5 |   2.4 |      71 |       5 |   6.6
            +---------+---------+-------+---------+---------+-------
        D:1 |      34 |       5 |  12.8 |      18 |       5 |  21.7
        D:2 |      67 |       0 |   0.0 |      28 |       0 |   0.0
        D:3 |      87 |       0 |   0.0 |      21 |       0 |   0.0
        D:4 |      14 |       0 |   0.0 |       4 |       0 |   0.0
            +---------+---------+-------+---------+---------+-------
